 Dungeon Crawl Stone Soup version 0.31-a0-152-g6aa68a64a1 (webtiles) character file.

Game seed: 9137876786676067539

30998 qw the Marksminotaur (level 13, 0/116 HPs)
             Began as a Minotaur Hunter on June 9, 2023.
             Was a High Priest of Okawaru.
             Slain by a skyshark (11 damage)
             ... on level 3 of the Lair of Beasts.
             The game lasted 00:05:27 (12002 turns).

qw the Marksminotaur (Minotaur Hunter)             Turns: 12002, Time: 00:05:27

Health: 0/116      AC: 17    Str: 21    XL:     13   Next: 23%
Magic:  17/19      EV: 19    Int:  6    God:    Okawaru [*****.]
Gold:   1595       SH:  0    Dex: 19    Spells: 12/12 levels left

rFire   + + .        Y - +2 longbow (freeze)
rCold   + . .        (shield currently unavailable)
rNeg    . . .        m - +1 ring mail of Resonance {rElec rF+ rCorr Int+5}
rPois   .            (helmet restricted)
rElec   +            l - scarf {rC+ rF+}
rCorr   +            i - -1 pair of gloves of Okawaru's Castigation {Contam Str+5 Int-5 SInv}
SInv    +            h - +1 pair of boots
Will    .....        o - amulet of faith
Stlth   +++          g - +4 ring of slaying {mikee}
HPRegen 0.39/turn    j - +4 ring of protection
MPRegen 0.16/turn

%: faith
@: about to teleport, heroic
A: horns 2, retaliatory headbutt, iridescent scales 1
a: Renounce Religion, Heroism, Finesse, Duel


You were on level 3 of the Lair of Beasts.
You worshipped Okawaru.
Okawaru was extremely pleased with you.
You visited 2 branches of the dungeon, and saw 14 of its levels.

You collected 2038 gold pieces.
You spent 443 gold pieces at shops.


Innate Abilities, Weirdness & Mutations

You have a pair of horns on your head.
You reflexively headbutt those who attack you in melee.
You are partially covered in iridescent scales. (AC +2)


   Skills:
 + Level 11.1(16.1) Fighting
 - Level 18.0(23.0) Ranged Weapons
 - Level 6.4(11.4) Armour
 - Level 8.0(13.0) Dodging
 - Level 0.7(5.7) Stealth
 - Level 10.0 Invocations


You had 12 spell levels left.
You didn't know any spells.
Your spell library was empty.

Inventory:

Hand Weapons
 Y - a +2 longbow of freezing (weapon)
Armour
 d - +0 acid dragon scales
 h - a +1 pair of boots (worn)
 i - the -1 pair of gloves of Okawaru's Castigation (worn) {Contam Str+5 Int-5 SInv}
   (Okawaru gifted it to you on level 10 of the Dungeon)

   Str:       It affects your strength (+5).
   Int:       It affects your intelligence (-5).
   SInv:      It lets you see invisible.
   Contam:    It causes magical contamination when unequipped.
 k - the +1 cloak of Cloud Cover {Str+2 Int+2}
   (You acquired it on level 10 of the Dungeon)

   Str:       It affects your strength (+2).
   Int:       It affects your intelligence (+2).
 l - a scarf of resistance (worn)
 m - the +1 ring mail of Resonance (worn) {rElec rF+ rCorr Int+5}
   (You found it on level 4 of the Dungeon)

   Int:       It affects your intelligence (+5).
   rF:        It protects you from fire.
   rElec:     It insulates you from electricity.
   rCorr:     It protects you from acid and corrosion.
 q - +0 steam dragon scales
 t - a +2 robe of willpower
Jewellery
 g - a +4 ring of slaying (left hand) {mikee}
 j - a +4 ring of protection (right hand)
 o - an amulet of faith (around neck)
Wands
 b - a wand of digging (6)
Scrolls
 a - 7 scrolls of identify
 r - 3 scrolls of teleportation
Potions
 c - 2 potions of mutation
 e - 2 potions of might
 f - 6 potions of curing
 n - a potion of resistance
 p - a potion of haste
 s - a potion of heal wounds

Dungeon Overview and Level Annotations

Branches:
Dungeon (11/15)            Temple (0/1) D:5            Lair (3/5) D:11
    Orc (0/2) D:11
  Swamp: Lair:2-3    Shoals: Lair:2-3     Snake: Lair:2-3    Spider: Lair:2-3

Altars:
Ashenzari
Elyvilon
Fedhas
Gozag
Nemelex Xobeh
Okawaru
Qazlal
Ru
Trog
Uskayaw
Wu Jian
Yredelemnul

Shops:
D:8 *([?

Annotations:
Lair:1 2 transporters


Message History

Something appears at your feet!
You see here the +3 hand crossbow of Woude {speed, rElec Will+}.
You shoot an arrow. The arrow barely misses the yak.
You shoot an arrow. The arrow hits the yak!
The arrow freezes the yak.
The yak is heavily wounded.
A skyshark comes into view.
You shoot an arrow. The arrow closely misses the yak.
The yak gores you.
You shoot an arrow. The arrow hits the yak!
The arrow freezes the yak.
The yak is almost dead.
The yak gores you!
You shoot an arrow. The arrow closely misses the yak.
The skyshark bites you!
The skyshark tastes blood and grows stronger!
The skyshark barely misses you. x2; The yak gores you.
You shoot an arrow. The arrow barely misses the yak.
The skyshark bites you!
The skyshark enters a blood-rage!
The skyshark tail-slaps you but does no damage. x2
The yak misses you.
11999 ||| INVOKING Heroism.
You gain the combat prowess of a mighty hero.
The skyshark bites you!
The skyshark tail-slaps you but does no damage. x2
The yak barely misses you. You furiously retaliate!
You headbutt the yak.
You kill the yak!
Okawaru accepts your kill. The skyshark bites you.
The skyshark tail-slaps you! x2
You shoot an arrow. The arrow hits the skyshark!
The skyshark seems to slow down.
The arrow freezes the skyshark.
The skyshark is lightly wounded.
You shoot an arrow. The arrow hits the skyshark.
The skyshark seems to slow down.
The arrow freezes the skyshark.
The skyshark is lightly wounded.
The skyshark bites you! The skyshark barely misses you.
The skyshark tail-slaps you.
12002 ||| READING 4 scrolls of teleportation.
As you read the scroll of teleportation, it crumbles to dust.
You feel strangely unstable. The skyshark bites you!
The skyshark tail-slaps you!
You die...

.#...#.P.#...........
##...###............
#..## ##...........
##.## #...........
#..# ##...........
#.## #............
#..# ##...........
#.## #........... #@.#
#...........
#l%#####...........
.%.%..............".
#.%#..###...##.##P...#
##$.### ##..######.###
#.# ##.## #.## . #...#
##..## . ##.#####....#
.#..#P..##.##...(


You could see a skyshark (berserk, slow).

Vanquished Creatures
  Josephine (D:10)
  Erica (D:8)
  6 two-headed ogres
  A boulder beetle (Lair:2)
  A centaur warrior (D:10)
  A death yak (Lair:1)
  2 skysharks (Lair:3)
  A lindwurm (Lair:1)
  Pikel (D:4)
  An ugly thing (D:11)
  An ice statue (D:11)
  Maurice (D:8)
  2 black mambas (Lair:1)
  A torpor snail (Lair:1)
  A gargoyle (D:7)
  5 cane toads
  Maggie (Lair:2)
  An unseen horror (D:9)
  A rime drake (Lair:2)
  A komodo dragon (Lair:3)
  5 polar bears
  A troll (D:7)
  Prince Ribbit (D:5)
  A hornet (D:8)
  15 blink frogs
  2 wyverns
  28 yaks
  4 wraiths
  Eustachio (D:5)
  2 basilisks
  A steam dragon (D:7)
  Edmund (D:5)
  2 acid dragons
  7 water moccasins
  Duvessa (D:5)
  3 orc warriors
  5 black bears
  3 sky beasts
  12 wolves
  A lemure (D:4)
  6 centaurs (D:11)
  6 kobold brigands
  A phantom (D:5)
  11 bullfrogs
  2 gnoll sergeants
  A cane toad simulacrum (Lair:2)
  4 scorpions
  9 wights
  Dowan (D:5)
  23 killer bees
  3 howler monkeys
  A hound (D:7)
  2 jellies
  A gnoll bouda (D:8)
  10 orc priests
  A sleepcap (D:6)
  3 iguanas
  12 orc wizards
  A polar bear simulacrum (Lair:2)
  Robin (D:4)
  17 gnolls
  5 adders
  A shadow imp (D:7)
  2 white imps
  An ufetubus (D:5)
  A worm (D:2)
  A dart slug (D:2)
  55 orcs
  8 bats
  4 endoplasms
  11 giant cockroaches
  6 hobgoblins
  3 jackals (D:3)
  3 quokkas
  5 ball pythons
  4 frilled lizards
  16 goblins
  30 kobolds
  4 rats
403 creatures vanquished.

Vanquished Creatures (others)
  A centaur (D:7)
  An orc (D:7)
2 creatures vanquished.

Grand Total: 405 creatures vanquished

Notes
Turn   | Place    | Note
-------+----------+-------------------------------------------
     0 | D:1      | qw the Minotaur Hunter began the quest for the Orb.
     0 | D:1      | Reached XP level 1. HP: 18/18 MP: 0/0
     0 | D:1      | 0 ||| qw: Version: 0.2-a-122-gbc61b45
     0 | D:1      | 0 ||| qw: Game counter: 3353
     0 | D:1      | 0 ||| qw: Always use a shield: true
     0 | D:1      | 0 ||| qw: God list: Okawaru
     0 | D:1      | 0 ||| qw: Allow faded altars: false
     0 | D:1      | 0 ||| qw: Do Orc after D:15 true
     0 | D:1      | 0 ||| qw: Do second Lair branch before Depths: true
     0 | D:1      | 0 ||| qw: Lair rune preference: random
     0 | D:1      | 0 ||| qw: Plans: Normal
     0 | D:1      | 0 ||| PLANNING D:1-11
   254 | D:1      | Reached XP level 2. HP: 25/25 MP: 1/1
   377 | D:1      | Reached skill level 5 in Ranged Weapons
   644 | D:1      | 644 ||| UPGRADING to +0 pair of boots.
   649 | D:1      | 649 ||| UPGRADING to +4 ring of slaying {mikee}.
   650 | D:1      | 650 ||| READING 3 scrolls labelled PUYFFAO DEEXI.
   651 | D:1      | 651 ||| READING scroll labelled CAKKUM DIETEA.
   652 | D:1      | 652 ||| READING 2 scrolls of identify.
   652 | D:1      | 652 ||| IDENTIFYING puce potion
   653 | D:1      | 653 ||| DROPPING scroll of butterflies.
   654 | D:1      | 654 ||| DROPPING potion of magic.
   692 | D:2      | Reached skill level 3 in Fighting
   698 | D:2      | 698 ||| Stepping ~*~*~tactically~*~*~ (outnumbered).
   709 | D:2      | Reached XP level 3. HP: 31/31 MP: 2/2
   969 | D:2      | Reached XP level 4. HP: 38/38 MP: 3/3
   982 | D:2      | You fall into a shaft and drop 1 floor!
  1026 | D:3      | Reached skill level 6 in Ranged Weapons
  1028 | D:3      | Reached skill level 1 in Armour
  1162 | D:3      | 1162 ||| UPGRADING to +0 cloak.
  1167 | D:3      | 1167 ||| UPGRADING to +0 ring mail.
  1177 | D:3      | 1177 ||| DROPPING +0 leather armour.
  1178 | D:3      | 1178 ||| READING scroll labelled JUC AFECZO.
  1179 | D:3      | 1179 ||| READING scroll labelled SESTAO POWN.
  1180 | D:3      | 1180 ||| DRINKING 3 sapphire potions.
  1181 | D:3      | 1181 ||| DRINKING 2 fuming black potions.
  1183 | D:3      | 1183 ||| Stepping ~*~*~tactically~*~*~ (cloud).
  1268 | D:3      | 1268 ||| STAIRDANCE
  1408 | D:2      | 1408 ||| READING scroll labelled TOCSILY QIAN.
  1409 | D:2      | 1409 ||| DRINKING 2 amethyst potions.
  1410 | D:2      | 1410 ||| DROPPING potion of degeneration.
  1781 | D:3      | Found a white marble altar of Elyvilon.
  2237 | D:4      | Noticed Robin
  2239 | D:4      | Reached XP level 5. HP: 44/46 MP: 4/4
  2249 | D:4      | Killed Robin
  2409 | D:4      | Identified the +1 ring mail of Resonance {rElec rF+ rCorr
                  | Int+5}
  2527 | D:4      | Found an iron altar of Okawaru.
  2528 | D:4      | 2528 ||| PLANNING OKAWARU WORSHIP
  2528 | D:4      | 2528 ||| UPGRADING to +1 ring mail of Resonance {rElec rF+
                  | rCorr Int+5}.
  2538 | D:4      | 2538 ||| DROPPING +0 ring mail.
  2539 | D:4      | 2539 ||| DRINKING 2 murky red potions.
  2544 | D:4      | Became a worshipper of Warmaster Okawaru
  2544 | D:4      | 2544 ||| PLANNING D:1-11
  2576 | D:4      | Noticed a black bear
  2582 | D:4      | Killed a black bear
  2583 | D:4      | Reached skill level 7 in Ranged Weapons
  2866 | D:4      | Noticed a lemure
  2866 | D:4      | Noticed a lemure
  2866 | D:4      | Noticed a lemure
  2866 | D:4      | Noticed a lemure
  2866 | D:4      | Noticed Pikel
  2880 | D:4      | Killed a lemure
  2880 | D:4      | HP: 9/46 [Pikel/+0 whip of flaming (4)]
  2881 | D:4      | 2881 ||| DRINKING potion of heal wounds.
  2887 | D:4      | Killed Pikel
  2887 | D:4      | Reached * piety under Okawaru
  2887 | D:4      | Reached ** piety under Okawaru
  2888 | D:4      | Reached skill level 6 in Armour
  2888 | D:4      | Reached XP level 6. HP: 33/52 MP: 5/5
  2888 | D:4      | Reached XP level 7. HP: 37/59 MP: 6/6
  2994 | D:4      | 2994 ||| UPGRADING to +4 ring of protection.
  3026 | D:5      | Entered Level 5 of the Dungeon
  3064 | D:5      | Reached *** piety under Okawaru
  3065 | D:5      | Reached skill level 1 in Invocations
  3105 | D:5      | 3105 ||| READING scroll of enchant weapon.
  3105 | D:5      | 3105 ||| ENCHANTING +1 shortbow.
  3134 | D:5      | Noticed Prince Ribbit
  3135 | D:5      | 3135 ||| INVOKING Heroism.
  3147 | D:5      | Killed Prince Ribbit
  3148 | D:5      | Reached skill level 8 in Ranged Weapons
  3148 | D:5      | Reached XP level 8. HP: 65/66 MP: 6/9
  3194 | D:5      | Noticed Duvessa
  3195 | D:5      | 3195 ||| INVOKING Heroism.
  3202 | D:5      | Killed Duvessa
  3202 | D:5      | Noticed Dowan
  3203 | D:5      | Reached skill level 3 in Invocations
  3209 | D:5      | Killed Dowan
  3243 | D:5      | Noticed Eustachio
  3244 | D:5      | 3244 ||| INVOKING Heroism.
  3253 | D:5      | Killed Eustachio
  3354 | D:5      | Noticed Edmund
  3355 | D:5      | 3355 ||| INVOKING Heroism.
  3368 | D:5      | Killed Edmund
  3369 | D:5      | Reached skill level 3 in Dodging
  3405 | D:5      | Found a staircase to the Ecumenical Temple.
  3412 | D:5      | 3412 ||| INVOKING Heroism.
  3683 | D:5      | 3683 ||| DRINKING 3 ruby potions.
  3683 | D:5      | Gained mutation: You are partially covered in iridescent
                  | scales. (AC +2) [potion of mutation]
  3684 | D:5      | 3684 ||| READING 2 scrolls of identify.
  3684 | D:5      | 3684 ||| IDENTIFYING viscous golden potion
  3685 | D:5      | 3685 ||| DROPPING potion of enlightenment.
  3708 | D:6      | 3708 ||| STAIRDANCE
  3716 | D:5      | Reached skill level 9 in Ranged Weapons
  3802 | D:6      | Reached skill level 6 in Fighting
  3862 | D:6      | Reached XP level 9. HP: 75/75 MP: 11/11
  3884 | D:6      | 3884 ||| INVOKING Heroism.
  3885 | D:6      | 3885 ||| Stepping ~*~*~tactically~*~*~ (outnumbered).
  3899 | D:6      | 3899 ||| DRINKING 5 potions of curing.
  3899 | D:6      | 3899 ||| (to cure confusion)
  3904 | D:6      | 3904 ||| DRINKING 4 potions of curing.
  3904 | D:6      | 3904 ||| (to cure confusion)
  3907 | D:6      | Reached skill level 10 in Ranged Weapons
  4242 | D:6      | 4242 ||| READING scroll labelled DYXYLA ADOCVO.
  4293 | D:7      | 4293 ||| INVOKING Heroism.
  4324 | D:7      | 4324 ||| INVOKING Heroism.
  4457 | D:7      | Found a bloodstained altar of Trog.
  4458 | D:7      | 4458 ||| INVOKING Heroism.
  4650 | D:7      | Reached skill level 11 in Ranged Weapons
  4656 | D:7      | Noticed a gargoyle
  4666 | D:7      | Killed a gargoyle
  4666 | D:7      | Reached **** piety under Okawaru
  4719 | D:7      | 4719 ||| INVOKING Heroism.
  4743 | D:7      | 4743 ||| READING scroll of enchant weapon.
  4743 | D:7      | 4743 ||| ENCHANTING +2 shortbow.
  4758 | D:7      | Found a broken altar of Ashenzari.
  4801 | D:7      | Noticed a troll
  4802 | D:7      | 4802 ||| INVOKING Heroism.
  4810 | D:7      | Killed a troll
  4811 | D:7      | Reached skill level 12 in Ranged Weapons
  4870 | D:7      | 4870 ||| INVOKING Heroism.
  4874 | D:7      | 4874 ||| Stepping ~*~*~tactically~*~*~ (outnumbered).
  4879 | D:7      | Received a gift from Okawaru
  4897 | D:7      | Reached XP level 10. HP: 76/88 MP: 12/12
  4980 | D:7      | 4980 ||| SWAPPING to +0 orcbow.
  4992 | D:7      | 4992 ||| DROPPING +3 shortbow.
  5008 | D:7      | 5008 ||| INVOKING Heroism.
  5300 | D:7      | 5300 ||| DROPPING amulet of guardian spirit.
  5301 | D:7      | 5301 ||| READING 2 scrolls labelled SEXZOTOWNU.
  5304 | D:7      | 5304 ||| READING 2 scrolls of identify.
  5304 | D:7      | 5304 ||| IDENTIFYING glowing white potion
  5305 | D:7      | 5305 ||| DROPPING potion of lignification.
  5324 | D:8      | Found Rahumn's General Store.
  5327 | D:8      | 5327 ||| BUYING +2 longbow of freezing (331 gold).
  5327 | D:8      | Bought a +2 longbow of freezing for 331 gold pieces
  5327 | D:8      | 5327 ||| BUYING scroll of identify (28 gold).
  5327 | D:8      | Bought a scroll of identify for 28 gold pieces
  5327 | D:8      | 5327 ||| BUYING scroll of identify (28 gold).
  5327 | D:8      | Bought a scroll of identify for 28 gold pieces
  5327 | D:8      | 5327 ||| SWAPPING to +2 longbow of freezing.
  5328 | D:8      | 5328 ||| DROPPING +0 orcbow.
  5330 | D:8      | Found Voedu's Antique Weapon Boutique.
  5342 | D:8      | Noticed a two-headed ogre
  5343 | D:8      | 5343 ||| INVOKING Heroism.
  5346 | D:8      | Killed a two-headed ogre
  5347 | D:8      | Reached skill level 6 in Dodging
  5424 | D:8      | Found Juky's Antique Armour Shop.
  5429 | D:8      | 5429 ||| INVOKING Heroism.
  5476 | D:8      | Found an opulent altar of Gozag.
  5499 | D:8      | Found a blossoming altar of Fedhas.
  5555 | D:8      | Found Fuplah's Magic Scroll Shoppe.
  5567 | D:8      | 5567 ||| BUYING scroll of identify (28 gold).
  5567 | D:8      | Bought a scroll of identify for 28 gold pieces
  5567 | D:8      | 5567 ||| BUYING scroll of identify (28 gold).
  5567 | D:8      | Bought a scroll of identify for 28 gold pieces
  5567 | D:8      | 5567 ||| SHOPLISTING scroll of identify (28 gold, have 16).
  5567 | D:8      | 5567 ||| SHOPLISTING scroll of teleportation (42 gold, have
                  | 16).
  5620 | D:8      | Noticed Maurice
  5627 | D:8      | Killed Maurice
  5712 | D:8      | 5712 ||| INVOKING Heroism.
  5798 | D:8      | Noticed Erica
  5810 | D:8      | Killed Erica
  5811 | D:8      | Reached skill level 6 in Invocations
  5856 | D:8      | Found a basalt altar of Yredelemnul.
  5856 | D:8      | Found a sacrificial altar of Ru.
  5856 | D:8      | Found a sparkling altar of Nemelex Xobeh.
  6054 | D:8      | 6054 ||| FLEEEEING.
  6074 | D:8      | Reached skill level 13 in Ranged Weapons
  6178 | D:8      | 6178 ||| INVOKING Heroism.
  6180 | D:8      | Reached XP level 11. HP: 51/95 MP: 12/15
  6184 | D:8      | Reached ***** piety under Okawaru
  6185 | D:8      | Reached skill level 9 in Fighting
  6345 | D:8      | Identified the +0 robe "Neacvav" {Harm rF- Str+3}
  6558 | D:8      | 6558 ||| UPGRADING to +1 cloak.
  6568 | D:8      | 6568 ||| DROPPING +0 cloak.
  6569 | D:8      | 6569 ||| DROPPING +0 robe "Neacvav" {Harm rF- Str+3}.
  6570 | D:8      | 6570 ||| READING scroll labelled OGRONE FINEM.
  6571 | D:8      | 6571 ||| READING scroll labelled ASCHOI LUBAMERE.
  6571 | D:8      | Identified a scroll of acquirement
  6571 | D:8      | 6571 ||| ACQUIRING 852 gold pieces
  6571 | D:8      | Acquired 852 gold pieces
  6573 | D:8      | 6573 ||| DRINKING 2 fuming silvery potions.
  6574 | D:8      | 6574 ||| READING 6 scrolls of identify.
  6574 | D:8      | 6574 ||| IDENTIFYING bubbling coppery potion
  6575 | D:8      | 6575 ||| READING 5 scrolls of identify.
  6575 | D:8      | 6575 ||| IDENTIFYING pink potion
  6576 | D:8      | 6576 ||| DROPPING potion of brilliance.
  6577 | D:8      | 6577 ||| DROPPING potion of invisibility.
  6671 | D:9      | Identified the +1 robe "Afuack" {Contam rF+ Str+7}
  6851 | D:9      | Noticed a two-headed ogre
  6852 | D:9      | 6852 ||| INVOKING Heroism.
  6855 | D:9      | Killed a two-headed ogre
  6899 | D:9      | 6899 ||| Stepping ~*~*~tactically~*~*~ (outnumbered).
  6900 | D:9      | 6900 ||| INVOKING Heroism.
  7165 | D:9      | Found a stormy altar of Qazlal.
  7313 | D:9      | 7313 ||| INVOKING Heroism.
  7434 | D:9      | 7434 ||| DROPPING +1 robe "Afuack" {Contam rF+ Str+7}.
  7435 | D:9      | 7435 ||| READING scroll labelled CITHRU CEZE.
  7436 | D:9      | 7436 ||| READING scroll labelled QABLUI QIFIA.
  7437 | D:9      | 7437 ||| READING 6 scrolls of identify.
  7437 | D:9      | 7437 ||| IDENTIFYING fuming coppery potion
  7438 | D:9      | 7438 ||| DROPPING potion of attraction.
  7451 | D:10     | Entered Level 10 of the Dungeon
  7464 | D:10     | Noticed a two-headed ogre
  7465 | D:10     | 7465 ||| INVOKING Heroism.
  7477 | D:10     | Killed a two-headed ogre
  7576 | D:10     | Noticed a two-headed ogre
  7577 | D:10     | 7577 ||| INVOKING Heroism.
  7580 | D:10     | Killed a two-headed ogre
  7582 | D:10     | Noticed Josephine
  7591 | D:10     | Killed Josephine
  7592 | D:10     | Reached skill level 14 in Ranged Weapons
  7592 | D:10     | Reached skill level 9 in Invocations
  7698 | D:10     | 7698 ||| READING scroll of acquirement.
  7698 | D:10     | 7698 ||| ACQUIRING +1 cloak of Cloud Cover {Str+2 Int+2}
  7698 | D:10     | Acquired the +1 cloak of Cloud Cover {Str+2 Int+2}
  7700 | D:10     | 7700 ||| UPGRADING to +1 cloak of Cloud Cover {Str+2
                  | Int+2}.
  7710 | D:10     | 7710 ||| DROPPING +1 cloak.
  7748 | D:10     | 7748 ||| FLEEEEING.
  7749 | D:10     | 7749 ||| FLEEEEING.
  7750 | D:10     | 7750 ||| FLEEEEING.
  7751 | D:10     | 7751 ||| FLEEEEING.
  7752 | D:10     | 7752 ||| FLEEEEING.
  7753 | D:10     | 7753 ||| FLEEEEING.
  7754 | D:10     | 7754 ||| FLEEEEING.
  7755 | D:10     | 7755 ||| FLEEEEING.
  7756 | D:10     | 7756 ||| FLEEEEING.
  7757 | D:10     | 7757 ||| FLEEEEING.
  7758 | D:10     | 7758 ||| FLEEEEING.
  7759 | D:10     | 7759 ||| FLEEEEING.
  7761 | D:10     | 7761 ||| FLEEEEING.
  7762 | D:10     | 7762 ||| FLEEEEING.
  7763 | D:10     | 7763 ||| FLEEEEING.
  7765 | D:10     | 7765 ||| FLEEEEING.
  7766 | D:10     | 7766 ||| STAIRDANCE
  7912 | D:9      | 7912 ||| READING 5 scrolls of identify.
  7912 | D:9      | 7912 ||| IDENTIFYING metallic ruby potion
  7913 | D:9      | 7913 ||| DROPPING potion of berserk rage.
  7919 | D:10     | 7919 ||| STAIRDANCE
  7990 | D:10     | 7990 ||| STAIRDANCE
  7994 | D:9      | 7994 ||| Stepping randomly (disturbance).
  8082 | D:10     | Identified the -1 pair of gloves of Okawaru's Castigation
                  | {Contam Str+5 Int-5 SInv} (Okawaru gifted it to you on
                  | level 10 of the Dungeon)
  8082 | D:10     | Received a gift from Okawaru
  8167 | D:10     | Found a stormy altar of Qazlal.
  8200 | D:10     | Noticed a centaur warrior
  8203 | D:10     | Killed a centaur warrior
  8473 | D:10     | 8473 ||| UPGRADING to -1 pair of gloves of Okawaru's
                  | Castigation {Contam Str+5 Int-5 SInv}.
  8478 | D:10     | 8478 ||| READING scroll labelled NINAYTS XETEI.
  8555 | D:11     | Found a staircase to the Lair.
  8647 | D:11     | Noticed a brown ugly thing
  8657 | D:11     | Killed a brown ugly thing
  8708 | D:11     | 8708 ||| INVOKING Heroism.
  8862 | D:11     | 8862 ||| Stepping ~*~*~tactically~*~*~ (outnumbered).
  8868 | D:11     | 8868 ||| Stepping ~*~*~tactically~*~*~ (outnumbered).
  8922 | D:11     | 8922 ||| INVOKING Heroism.
  8923 | D:11     | 8923 ||| INVOKING Finesse.
  8933 | D:11     | 8933 ||| DROPPING +6 ring of strength.
  8941 | D:11     | 8941 ||| READING scroll labelled MOKKIFF MIPT.
  9000 | D:11     | 9000 ||| Stepping ~*~*~tactically~*~*~ (outnumbered).
  9003 | D:11     | 9003 ||| Stepping ~*~*~tactically~*~*~ (outnumbered).
  9004 | D:11     | 9004 ||| Stepping ~*~*~tactically~*~*~ (outnumbered).
  9040 | D:11     | 9040 ||| Stepping ~*~*~tactically~*~*~ (outnumbered).
  9043 | D:11     | 9043 ||| Stepping ~*~*~tactically~*~*~ (outnumbered).
  9044 | D:11     | 9044 ||| Stepping ~*~*~tactically~*~*~ (outnumbered).
  9048 | D:11     | 9048 ||| FLEEEEING.
  9049 | D:11     | 9049 ||| FLEEEEING.
  9050 | D:11     | 9050 ||| FLEEEEING.
  9096 | D:11     | 9096 ||| FLEEEEING.
  9140 | D:11     | Found a staircase to the Orcish Mines.
  9182 | D:11     | Reached XP level 12. HP: 106/106 MP: 18/18
  9293 | D:11     | Noticed a two-headed ogre
  9296 | D:11     | Killed a two-headed ogre
  9424 | D:11     | Noticed a two-headed ogre
  9431 | D:11     | Killed a two-headed ogre
  9642 | D:11     | 9642 ||| PLANNING LAIR
  9642 | D:11     | 9642 ||| UPGRADING to amulet of faith.
  9647 | D:11     | 9647 ||| READING scroll labelled WELI NESYAB.
  9809 | Lair:1   | Entered Level 1 of the Lair of Beasts
  9821 | Lair:1   | 9821 ||| INVOKING Heroism.
  9878 | Lair:1   | Reached skill level 15 in Ranged Weapons
  9982 | Lair:1   | 9982 ||| INVOKING Heroism.
 10257 | Lair:1   | Noticed a death yak
 10258 | Lair:1   | 10258 ||| INVOKING Heroism.
 10259 | Lair:1   | 10259 ||| INVOKING Finesse.
 10265 | Lair:1   | Killed a death yak
 10354 | Lair:1   | Found a transporter.
 10401 | Lair:1   | Found a transporter.
 10441 | Lair:1   | 10441 ||| INVOKING Heroism.
 10487 | Lair:1   | 10487 ||| INVOKING Heroism.
 10496 | Lair:1   | Reached skill level 16 in Ranged Weapons
 10637 | Lair:1   | 10637 ||| UPGRADING to scarf of resistance.
 10688 | Lair:2   | 10688 ||| STAIRDANCE
 10831 | Lair:2   | 10831 ||| INVOKING Heroism.
 10858 | Lair:2   | Found a frozen archway.
 11026 | Lair:2   | Noticed a boulder beetle
 11027 | Lair:2   | 11027 ||| INVOKING Heroism.
 11028 | Lair:2   | 11028 ||| INVOKING Finesse.
 11064 | Lair:2   | Killed a boulder beetle
 11076 | Lair:2   | Found a hide-covered altar of Uskayaw.
 11076 | Lair:2   | Found an ornate altar of the Wu Jian Council.
 11087 | Lair:2   | 11087 ||| READING scroll of enchant armour.
 11087 | Lair:2   | 11087 ||| ENCHANTING +0 pair of boots.
 11164 | Lair:2   | 11164 ||| INVOKING Heroism.
 11167 | Lair:2   | Noticed Maggie
 11175 | Lair:2   | Killed Maggie
 11176 | Lair:2   | Received a gift from Okawaru
 11204 | Lair:2   | 11204 ||| DROPPING +1 arbalest of freezing.
 11367 | Lair:2   | 11367 ||| READING 7 scrolls of identify.
 11367 | Lair:2   | 11367 ||| IDENTIFYING green potion
 11416 | Lair:3   | 11416 ||| INVOKING Heroism.
 11428 | Lair:3   | Reached skill level 17 in Ranged Weapons
 11438 | Lair:3   | Reached XP level 13. HP: 99/116 MP: 19/19
 11446 | Lair:3   | 11446 ||| STAIRDANCE
 11486 | Lair:3   | 11486 ||| INVOKING Heroism.
 11585 | Lair:3   | 11585 ||| INVOKING Heroism.
 11843 | Lair:3   | 11843 ||| INVOKING Heroism.
 11992 | Lair:3   | Reached skill level 18 in Ranged Weapons
 11992 | Lair:3   | Identified the +3 hand crossbow of Woude {speed, rElec
                  | Will+} (Okawaru gifted it to you on level 3 of the Lair of
                  | Beasts)
 11992 | Lair:3   | Received a gift from Okawaru
 11999 | Lair:3   | 11999 ||| INVOKING Heroism.
 12001 | Lair:3   | HP: 28/116 [skyshark (13)]
 12002 | Lair:3   | 12002 ||| READING 4 scrolls of teleportation.
 12002 | Lair:3   | HP: 11/116 [skyshark (13)]
 12002 | Lair:3   | Slain by a skyshark

Levels and vault maps discovered:
D:1:      giann_wishing_wells, layout_basic, minivault_25
D:2:      minmay_roachtagon, layout_rooms, minivault_19
D:3:      layout_basic, mainiacjoe_overflow_boulevard
D:4:      layout_gridville, okawaru_gym_becter, uniq_pikel, uniq_robin
D:5:      layout_gridville, minmay_temple_entry_arrows, uniq_edmund,
          uniq_duvessa, uniq_eustachio, uniq_prince_ribbit1
D:6:      layout_cave_pools
D:7:      minmay_opposing_rooms, layout_basic, trog_butcher_becter,
          nicolae_ashenzari_panopticon, minmay_strange_pillars,
          kennysheep_generic_room_7
D:8:      layout_basic, gammafunk_temple_overflow_claw, fedhas_altar_1,
          kennysheep_mini, serial_shops, shop, shop,
          nicolae_shop_hallway_stairs, nicolae_shop_gibbet_a_chance,
          uniq_maurice, uniq_erica
D:9:      layout_irregular_city, mainiacjoe_overflow_alcove_1
D:10:     layout_loops_cross, kennysheep_small_circle, uniq_josephine
D:11:     layout_roguey, lair_entry_dummy, hiddenorc2_lemuel,
          minmay_statue_bubble
Lair:1:   gammafunk_cloud_chamber, layout_hall_layers,
          nicolae_volcano_entry_vermiform, hangedman_lair_unloving_vines
Lair:2:   layout_concentric_octagons, portal_ice_cave_entry_ice_simulacra,
          nzn_masters_of_martial_movement, uniq_maggie
Lair:3:   layout_small_grid, swamp_mist, nicolae_spider_entry_orb_guardian,
          st_stairs_9

Skill      XL: |  1  2  3  4  5  6  7  8  9 10 11 12 13 |
---------------+----------------------------------------+-----
Ranged Weapons | 5 6 7 8 9 12 13 14 17 18 | 18.0
Fighting       | 3 4 6 7 8 10 11 | 11.1
Armour         | 1 6 |  6.4
Invocations    | 2 4 7 10 | 10.0
Dodging        | 3 4 6 8 |  8.0
Stealth        | |  0.7

Action                     |  1- 3 |  4- 6 |  7- 9 | 10-12 | 13-15 || total
---------------------------+-------+-------+-------+-------+-------++-------
   Fire: Shortbow          |    99 |   108 |   303 |       |       ||   510
         Longbow           |       |       |       |   513 |    86 ||   599
         Orcbow            |       |       |       |    30 |       ||    30
 Invoke: Heroism           |       |       |    12 |    21 |     4 ||    37
         Finesse           |       |       |       |     3 |       ||     3
    Use: Scroll            |     3 |     3 |     4 |    16 |     1 ||    27
         Potion            |       |     5 |     3 |     1 |       ||     9
 Armour: Leather armour    |    19 |       |       |       |       ||    19
         Ring mail         |       |    16 |    47 |   140 |    13 ||   216
  Dodge: Dodged            |    40 |    40 |    64 |   208 |    21 ||   373

Table legend:
 A = Non-vault XP
 B = Vault XP
 C = Vault XP percentage of total XP
 D = Non-vault monster count
 E = Vault monster count
 F = Vault count percentage of total count
                 A         B        C        D         E       F
            +---------+---------+-------+---------+---------+-------
      Total |   34237 |   10046 |  22.7 |     314 |      89 |  22.1
            +---------+---------+-------+---------+---------+-------
        D:1 |      17 |       0 |   0.0 |      13 |       0 |   0.0
        D:2 |      66 |      18 |  21.4 |      23 |       9 |  28.1
        D:3 |      86 |       0 |   0.0 |      26 |       0 |   0.0
        D:4 |     151 |     641 |  80.9 |       5 |      12 |  70.6
        D:5 |     524 |     836 |  61.5 |      14 |       5 |  26.3
        D:6 |     873 |       0 |   0.0 |      14 |       0 |   0.0
        D:7 |    1214 |    1703 |  58.4 |      30 |      14 |  31.8
        D:8 |    4568 |    1291 |  22.0 |      46 |       2 |   4.2
        D:9 |    2053 |     381 |  15.7 |      34 |       1 |   2.9
       D:10 |    3261 |    1758 |  35.0 |      12 |       6 |  33.3
       D:11 |    3466 |     774 |  18.3 |      23 |      32 |  58.2
     Lair:1 |    6126 |     668 |   9.8 |      24 |       1 |   4.0
     Lair:2 |    3957 |    1324 |  25.1 |      21 |       4 |  16.0
     Lair:3 |    7875 |     652 |   7.6 |      29 |       3 |   9.4
            +---------+---------+-------+---------+---------+-------
